Map: Dusk Towers

Players

MorroW

  • Race: Protoss Protoss
  • League: Grandmaster

Miszu - Winner!

  • Race: Terran Terran
  • League: Master

VOD

Have the link to the VOD?

Description

Time

  • Played on: Feb. 7, 2016, 4:31 a.m.
  • Length: 6:29
Show
View Real Time Build Order
Export as new Build Order

MorroW Protoss 

Build Orders: 1 Gate Expand, Phoenix Opening 

Get SALT Encoding   

  12  0:00  Probe (Chrono Boost)  
  13  0:11  Probe (Chrono Boost)  
  14  0:17  Pylon  
  14  0:22  Probe (Chrono Boost)  
  15  0:36  Gateway, Probe (Chrono Boost)  
  16  0:45  Assimilator  
  16  0:46  Probe (Chrono Boost)  
  18  0:57  Probe (Chrono Boost)  
  18  1:07  Probe (Chrono Boost)  
  19  1:19  Nexus  
  19  1:22  Probe (Chrono Boost)  
  20  1:35  Cybernetics Core  
  20  1:37  Probe (Chrono Boost)  
  21  1:42  Assimilator  
  21  1:46  Pylon  
  21  1:49  Probe (Chrono Boost)  
  22  2:00  Probe (Chrono Boost)  
  22  2:10  Probe (Chrono Boost)  
  22  2:12  Adept  
  25  2:21  Probe (Chrono Boost)  
  26  2:24  Stargate  
  26  2:31  Probe x2 (Chrono Boost)  
  28  2:39  Assimilator  
  28  2:41  Probe (Chrono Boost)  
  28  2:42  Probe (Chrono Boost)  
  30  2:48  Stargate  
  30  2:52  Probe x2 (Chrono Boost)  
  32  3:02  Probe (Chrono Boost)  
  32  3:03  Probe (Chrono Boost)  
  34  3:08  Pylon  
  34  3:10  Phoenix (Chrono Boost)  
  34  3:11  Probe  
  36  3:14  Probe  
  36  3:15  Warp Gate  
  38  3:22  Probe  
  38  3:26  Probe  
  40  3:33  Probe, Phoenix (Chrono Boost)  
  43  3:36  Phoenix (Chrono Boost)  
  43  3:39  Probe  
  46  3:45  Probe  
  46  3:47  Pylon  
  47  3:51  Probe  
  48  3:56  Phoenix (Chrono Boost)  
  48  3:57  Probe  
  48  4:00  Phoenix (Chrono Boost)  
  53  4:04  Probe  
  55  4:10  Probe  
  55  4:11  Pylon  
  55  4:16  Probe  
  55  4:22  Probe  
  53  4:28  Probe  
  53  4:29  Phoenix x2 (Chrono Boost)  
  57  4:34  Probe  
  58  4:40  Probe  
  53  4:46  Probe  
  53  4:52  Probe  
  48  4:58  Probe  
  44  5:04  Probe  
  38  5:10  Probe  
  38  5:13  Phoenix (Chrono Boost)  
  36  5:16  Probe  
  36  5:22  Probe  
  35  5:28  Probe  
  35  5:29  Phoenix (Chrono Boost)  
  35  5:34  Probe  
  33  5:40  Probe  
  20  6:12  Probe (Chrono Boost)  
Show
View Real Time Build Order
Export as new Build Order

Miszu Terran - Winner!

Build Orders: Hellion Opening 

Get SALT Encoding   

  12  0:00  SCV  
  13  0:13  SCV  
  14  0:19  Supply Depot  
  14  0:25  SCV  
  15  0:40  SCV  
  15  0:42  Barracks  
  16  0:46  Refinery  
  16  0:52  SCV  
  17  1:04  SCV  
  18  1:16  SCV  
  19  1:29  Orbital Command  
  19  1:30  Marine  
  20  1:40  Command Center  
  20  1:50  Barracks Reactor  
  20  1:55  SCV  
  21  2:07  Supply Depot, SCV  
  21  2:08  Factory  
  22  2:19  SCV  
  23  2:29  Marine x2  
  25  2:31  SCV  
  26  2:44  SCV  
  27  2:55  Factory  
  27  2:56  SCV  
  27  2:57  Orbital Command  
  28  3:02  Hellion x2  
  32  3:05  Barracks Reactor  
  32  3:08  SCV  
  33  3:20  Supply Depot, SCV  
  33  3:22  SCV  
  33  3:24  Hellion x2  
  39  3:32  SCV  
  40  3:35  SCV  
  41  3:42  Factory  
  41  3:44  SCV  
  41  3:45  Hellion x2  
  50  3:48  Hellion x2  
  50  3:51  SCV  
  50  3:53  Supply Depot  
  51  3:56  SCV  
  52  4:03  SCV  
  52  4:08  SCV  
  54  4:12  Hellion  
  54  4:15  Hellion x2, SCV  
  54  4:16  Supply Depot  
  57  4:20  Hellion, SCV  
  58  4:29  Factory Tech Lab  
  58  4:31  Engineering Bay  
  56  4:34  Hellion  
  56  4:36  Hellion x2  
  62  4:48  Hellion x2  
  64  5:03  SCV x2  
  60  5:07  Hellion  
  60  5:08  Hellion  
  60  5:11  Supply Depot, Missile Turret  
  60  5:13  Missile Turret  
  60  5:15  SCV  
  60  5:16  Hellion  
  60  5:17  Hellion x2  
  65  5:23  SCV  
  65  5:27  SCV  
  65  5:28  Missile Turret  
  65  5:29  Hellion x2  
  65  5:33  Armory  
  65  5:35  SCV  
  67  5:38  Hellion x2  
  71  5:50  Hellion x2  
  71  5:56  Supply Depot, Cyclone  
  72  5:59  Hellion x2  
  72  6:00  SCV x2  
  74  6:12  Missile Turret  
  74  6:18  Supply Depot  
Tags
 
Add a new tag
Caveats
  • Supply blocks, unpowered buildings, or Contaminate may cause inaccurate times.
  • Supply counts are checked every 10 seconds.